Cogmind - Beta 16.1 @@@ ROGUE MODE // 2026.04.24 @ 21:21:37 Player: Jamba27 Result: Destroyed by TK-6621 with Heavy Laser Performance ------------- Evolutions (7) 3500 Regions Visited (25) 5000 Robots Destroyed (371) 1855 Value Destroyed (23833) 23833 Prototype IDs (30) 600 Alien Tech Used (0) 0 Bonus (17902) 17902 TOTAL SCORE: 52690 Bonus ------- High Alert Combat Kills 8715 Follower Combat Kills 1866 Hunted by Unchained 500 Destroyed Unchained 1000 Entered Garrisons 1400 Used RIF Installer 4500 Aligned with FarCom 300 Friendly Fire -379 Cogmind --------- Core Integrity 0/1300 Matter 281/300 Energy 99/100 System Corruption 13% Temperature Cool (9) Movement Core (50) Location -3/Research Parts ------- > --- POWER (2) -------- (None) > --- PROPULSION (6) --- (None) > --- UTILITY (10) ----- (None) > --- WEAPON (3) ------- (None) > --- INVENTORY (5) ---- Relay Coupler [C] (32) Relay Coupler [Proto] (9) Relay Coupler [Proto] (9) Improved Remote Datajack Peak State ------------ > --- POWER ------------ Light Antimatter Reactor Quantum Reactor > --- PROPULSION ------- Heavy Treads Improved Heavy Treads Improved Heavy Treads > --- UTILITY ---------- Advanced Heat Sink Advanced Heat Sink Advanced Heat Sink Cargo Storage Unit Advanced Powered Armor Advanced Force Field Relay Coupler [NC] Relay Coupler [C] Relay Coupler [Sentry] > --- WEAPON ----------- Enhanced Quantum Rifle Enhanced Quantum Rifle Enhanced Nova Cannon > --- INVENTORY -------- Light Particle Reactor Light Quantum Reactor Advanced Heavy Siege Treads Improved Coolant Injector Energy Well Matter Compressor Advanced Phase Shifter Advanced Powered Armor Relay Coupler [NC] Relay Coupler [C] Relay Coupler [C] Relay Coupler [Sentry] Relay Coupler [Hunter] Relay Coupler [Heavy] Relay Coupler [Proto] Relay Coupler [Proto] Relay Coupler [Proto] Relay Coupler [Proto] Enhanced Quantum Rifle HERF Cannon Enhanced Nova Cannon Heavy Rocket Launcher Improved Remote Datajack Improved Remote Datajack Advanced Remote Datajack Field Lobotomy Kit Plasma Cutter [Rating: 148] Favorites ----------- Power Hybrid Deuterium Engine Engine Hybrid Deuterium Engine Power Core Fission Core Reactor Antimatter Reactor Propulsion Heavy Treads Treads Heavy Treads Leg Flexi-carbon Leg Utility Cargo Storage Unit Device Advanced Heat Sink Storage Cargo Storage Unit Processor Enhanced Optical Array Hackware Relay Coupler [NC] Protection Advanced Powered Armor Weapon Enhanced Quantum Rifle Energy Gun Enhanced Quantum Rifle Energy Cannon Heavy Phase Cannon Ballistic Gun Gauss Rifle Ballistic Cannon Heavy Mass Driver Launcher Heavy Rocket Launcher Special Weapon Remote Datajack Impact Weapon Great Maul Piercing Weapon Lance Build | -11 -10 -10 -10 -9 -8 -8 -8 -7 -7 -7 -7 -6 -6 -6 -6 -6 -6 -5 -5 -5 -4 -4 -4 -4 -3 ------- Run | Yrd Mat Min Exi Min Mat Gar Mat Fac Gar Fac Gar Fac Was Fac Gar Fac Gar Fac Upp Upp Fac Gar Fac Gar Res Slots Evolved 14 | . . . . . 4 . . 2 . . . 2 . . . . . 2 . . 2 . . . 2 Power 1 | . . . . . . . . . . . . . . . . . . 1 . . . . . . . Propulsion 4 | . . . . . 1 . . 1 . . . . . . . . . . . . 1 . . . 1 Utility 8 | . . . . . 2 . . 1 . . . 2 . . . . . 1 . . 1 . . . 1 Weapon 1 | . . . . . 1 . . . . . . . . . . . . . . . . . . . . Parts Attached 234 | 8 3 . . 3 17 13 5 7 12 7 8 15 10 . 10 7 31 16 1 1 3 36 1 12 8 Power 21 | 1 . . . . 1 1 . . . . 1 1 1 . 1 . 4 4 . . . 4 . 1 1 Engine 6 | 1 . . . . 1 1 . . . . . . . . . . 2 1 . . . . . . . Core 2 | . . . . . . . . . . . . . . . . . 1 1 . . . . . . . Reactor 13 | . . . . . . . . . . . 1 1 1 . 1 . 1 2 . . . 4 . 1 1 Propulsion 47 | 2 . . . . 6 4 1 1 5 2 4 2 4 . 2 . 8 . . . . 3 . 1 2 Treads 39 | 2 . . . . 5 4 1 1 5 2 . . 3 . 2 . 8 . . . . 3 . 1 2 Leg 8 | . . . . . 1 . . . . . 4 2 1 . . . . . . . . . . . . Wheel . | . . . . . . . . . . . . . . . . . . . . . . . . . . Hover . | . . . . . . . . . . . . . . . . . . . . . . . . . . Flight . | . . . . . . . . . . . . . . . . . . . . . . . . . . Utility 94 | 2 2 . . 1 5 3 2 3 5 1 1 5 5 . 3 5 7 8 1 . 2 22 . 8 3 Device 38 | 1 1 . . . 2 2 . 1 . . . 2 3 . 1 2 4 4 1 . 1 12 . . 1 Storage 6 | 1 1 . . 1 1 . . . . . . . . . . . . . . . . 1 . 1 . Processor 7 | . . . . . . . 1 . 1 . . . 1 . 1 . . 2 . . . 1 . . . Hackware 28 | . . . . . . . 1 . 4 . . 1 1 . . 3 3 2 . . 1 6 . 5 1 Protection 15 | . . . . . 2 1 . 2 . 1 1 2 . . 1 . . . . . . 2 . 2 1 Artifact . | . . . . . . . . . . . . . . . . . . . . . . . . . . Weapon 72 | 3 1 . . 2 5 5 2 3 2 4 2 7 . . 4 2 12 4 . 1 1 7 1 2 2 Energy Gun 19 | 3 . . . . 2 1 1 2 . 1 . 4 . . . . 2 . . . . 3 . . . Energy Cannon 25 | . . . . . 2 . . . 2 1 . 1 . . 1 2 4 4 . 1 1 4 1 1 . Ballistic Gun 10 | . . . . 2 1 1 . 1 . . 1 1 . . . . 3 . . . . . . . . Ballistic Cannon 3 | . . . . . . . . . . 1 . . . . 2 . . . . . . . . . . Launcher 4 | . . . . . . 1 . . . 1 . . . . 1 . . . . . . . . . 1 Special Weapon 7 | . 1 . . . . 1 1 . . . . . . . . . 3 . . . . . . 1 . Impact Weapon 3 | . . . . . . 1 . . . . 1 1 . . . . . . . . . . . . . Slashing Weapon . | . . . . . . . . . . . . . . . . . . . . . . . . . . Piercing Weapon 1 | . . . . . . . . . . . . . . . . . . . . . . . . . 1 Special Melee Weapon . | . . . . . . . . . . . . . . . . . . . . . . . . . . Unidentified Prototypes 6 | . . . . . 1 . 1 . . . . 2 . . . . 1 1 . . . . . . . Parts Lost 92 | . . . . . . 8 . 1 7 7 5 . 2 . 5 . 15 11 2 . . 9 . 2 18 Power 9 | . . . . . . 1 . . . . . . . . . . 3 2 . . . . . 1 2 Propulsion 25 | . . . . . . 1 . . 6 2 3 . 1 . 2 . 3 . 1 . . 2 . . 4 Utility 36 | . . . . . . 3 . . 1 2 . . . . 2 . 5 8 . . . 7 . 1 7 Weapon 22 | . . . . . . 3 . 1 . 3 2 . 1 . 1 . 4 1 1 . . . . . 5 Highest Loss Streak 16 | . . . . . . 3 . 1 2 3 2 . 2 . 1 . 3 5 2 . . 2 . 1 16 To Critical Strikes 1 | . . . . . . . . . . . . . . . . . . . . . . . . . 1 Average Backups 27 | 3 7 10 14 16 27 28 29 29 27 27 28 28 27 27 27 29 28 28 28 28 29 28 28 27 19 Power 1 | . 1 1 1 . 1 . 1 1 . 1 1 1 1 2 1 1 . 1 2 2 2 1 1 1 1 Propulsion 1 | 1 2 2 2 1 3 3 3 2 . . . 1 . 2 1 . 1 1 1 1 . 1 2 2 . Utility 15 | . 1 3 3 6 10 15 16 16 16 18 20 18 17 15 16 19 19 17 15 15 15 15 16 16 11 Weapon 4 | 1 2 3 5 5 9 5 3 4 5 5 2 4 5 4 4 5 4 3 4 5 6 5 4 4 2 Tool/Special . | . . . . . . . . . . . . . . . . . . . . . . . . . . Unused Backups 85 | . . . 1 . 16 5 3 2 8 1 9 7 3 . . 1 6 1 . . 1 9 . . 12 Power 6 | . . . . . 1 . . 1 1 . . . 1 . . . . . . . . 2 . . . Propulsion 8 | . . . . . 3 . 2 . . . . 1 1 . . . . . . . 1 . . . . Utility 57 | . . . 1 . 6 4 1 . 7 1 9 5 1 . . 1 4 . . . . 6 . . 11 Weapon 10 | . . . . . 6 . . . . . . 1 . . . . 1 1 . . . 1 . . . Tool/Special 4 | . . . . . . 1 . 1 . . . . . . . . 1 . . . . . . . 1 Average Slot Usage (%) 80 | . 99 100 71 92 88 89 90 91 88 87 76 84 79 80 70 72 77 72 76 76 71 76 78 82 53 Engine 3 | . 14 14 14 14 9 9 9 7 7 7 3 . . . . . 1 2 . . . . . . . Reactor 4 | . . . . . . . . . . . 3 6 6 6 6 6 4 6 5 5 5 9 10 9 6 Treads 16 | . 28 28 28 28 26 26 27 30 26 26 8 . 4 13 12 13 13 10 10 11 10 9 10 13 9 Leg 2 | . . . . . . . . . . . 17 26 16 . . . . . . . . . . . . Device 10 | . 14 14 14 6 13 9 9 2 2 . . 5 12 13 12 9 13 12 17 17 16 17 15 14 11 Storage 6 | . 14 14 14 14 9 9 9 7 7 7 7 6 6 6 6 6 6 5 5 5 5 5 5 5 2 Processor 3 | . . . . . . . . 1 6 7 7 6 9 13 8 3 . 5 5 5 5 2 . . . Hackware 6 | . . . . . . . 7 7 12 8 . 5 6 6 1 5 17 8 5 5 7 10 10 12 9 Protection 3 | . . . . . 3 9 1 10 . 5 6 6 . . 3 6 . . . . . 3 10 8 3 Energy Gun 6 | . 24 14 . 23 3 7 7 6 . 1 3 12 13 16 6 3 1 4 . . . 9 11 11 6 Energy Cannon 5 | . . . . . 7 7 1 . 7 4 2 . . 3 2 11 9 6 16 16 15 4 3 3 1 Ballistic Gun 3 | . . . . 3 16 9 4 6 6 2 2 2 . . . . 3 . . . . . . . . Special Weapon 1 | . 3 14 . . . . 3 . 2 2 . . 2 . . 1 2 3 . . . . . . . Impact Weapon 1 | . . . . . . 1 9 7 4 5 5 2 . . 3 2 . 1 . . . . . . . Peak Build Rating 148 | 9 9 8 7 19 41 43 40 46 50 43 67 83 85 84 88 87 96 107 110 97 107 138 136 143 148 Average Rating 74 | 5 8 8 6 11 36 41 37 45 45 42 56 78 74 83 84 83 80 96 99 95 99 126 136 138 99 On Entrance 64 | . 9 8 8 7 19 41 40 38 46 43 38 66 78 84 83 85 83 93 105 97 95 107 136 136 136 Avg Prop Armor Cover (%) 3 | . . . . . 4 . . . . . 3 . . . . . . . . . . . . . . Naked Turns 116 | . . . . . . . . . . . . . . . . . . . . . . . . . 116 Heaviest Build 250 | 15 29 29 26 53 172 170 167 176 170 171 184 188 186 177 202 203 203 189 189 189 187 245 250 250 230 Greatest Support 220 | 40 40 40 40 40 65 65 64 86 92 88 88 85 140 140 140 140 140 135 135 130 130 150 150 173 220 Greatest Overweight (x) 9 | . . . . 1 2 3 2 2 4 4 9 2 3 1 2 1 2 1 1 1 1 3 1 1 4 Average Overweight (x) 1 | . . . . . 1 2 2 1 1 2 2 1 1 1 1 1 1 1 1 1 1 1 1 1 . Largest Inventory Capacity 30 | 8 15 15 15 25 30 30 30 30 30 30 30 30 30 30 30 30 30 30 30 30 30 30 30 30 30 Average Capacity 28 | 7 8 15 15 20 29 30 30 30 30 30 30 30 30 30 30 30 30 30 30 30 30 30 30 30 21 Most Carried 30 | 6 9 12 15 25 30 30 30 30 30 30 30 30 30 30 30 30 30 30 30 28 30 30 30 30 30 Average Carried 28 | 3 7 10 14 17 28 29 29 29 29 29 29 29 29 30 29 29 29 29 28 28 29 29 30 29 20 Final Capacity 30 | 8 15 15 15 25 30 30 30 30 30 30 30 30 30 30 30 30 30 30 30 30 30 30 30 30 5 Final Carried 30 | 5 9 12 15 25 30 30 30 30 30 30 29 30 30 30 30 30 30 30 28 28 30 30 30 30 4 Class Distribution -------------------- 34% | Botlord-Tank 17% | Bothacker-Mutant 12% | Botlord-Mutant 12% | Botlord-Skirmisher 8% | Hauler-Skirmisher 6% | Bothacker-Skirmisher 6% | Mutant Dominant Class ---------------- Mutant | -10/Materials Mutant | -10/Mines Mutant | -10/Exiles Mutant | -9/Mines Hauler-Skirmisher | -8/Materials Bothacker-Skirmisher | -8/Garrison Bothacker-Mutant | -8/Materials Bothacker-Mutant | -7/Factory Bothacker-Mutant | -7/Garrison Bothacker-Mutant | -7/Factory Bothacker-Mutant | -7/Garrison Botlord-Skirmisher | -6/Factory Botlord-Skirmisher | -6/Waste Botlord-Skirmisher | -6/Factory Botlord-Mutant | -6/Garrison Botlord-Tank | -6/Factory Botlord-Tank | -6/Garrison Botlord-Mutant | -5/Factory Botlord-Tank | -5/Upper Caves Botlord-Tank | -5/Upper Caves Botlord-Skirmisher | -4/Factory Botlord-Tank | -4/Garrison Botlord-Tank | -4/Factory Botlord-Tank | -4/Garrison Botlord-Tank | -3/Research Resources | -11 -10 -10 -10 -9 -8 -8 -8 -7 -7 -7 -7 -6 -6 -6 -6 -6 -6 -5 -5 -5 -4 -4 -4 -4 -3 ----------- Run | Yrd Mat Min Exi Min Mat Gar Mat Fac Gar Fac Gar Fac Was Fac Gar Fac Gar Fac Upp Upp Fac Gar Fac Gar Res Matter Collected 10675 | 270 60 47 . 102 746 521 232 143 604 132 691 901 685 . 1347 252 1323 527 160 85 . 1020 . 473 354 Remotely . | . . . . . . . . . . . . . . . . . . . . . . . . . . Salvage Created 19254 | 30 292 . . . 1246 1499 556 540 769 448 569 840 1827 . 1998 443 1733 796 299 121 . 3156 . 1691 401 Parts 760 | 5 8 . . . 47 75 31 19 34 27 19 38 34 . 74 19 86 30 7 10 . 109 . 67 21 Haulers Intercepted 3 | . . . . . 1 . 1 1 . . . . . . . . . . . . . . . . . Recyclers Shooed 2 | . . . . . . . . . . . . . . . . . . 1 . . . . . . 1 Parts Field Recycled . | . . . . . . . . . . . . . . . . . . . . . . . . . . Retrieved Matter . | . . . . . . . . . . . . . . . . . . . . . . . . . . Parts Self-Destructed 14 | . . . . . . . . . . . . . . . . . . . 7 7 . . . . . Prevented 3 | . . . . . . . . . . . . . . . . . . . . 3 . . . . . Parts Restored . | . . . . . . . . . . . . . . . . . . . . . . . . . . Kills | -11 -10 -10 -10 -9 -8 -8 -8 -7 -7 -7 -7 -6 -6 -6 -6 -6 -6 -5 -5 -5 -4 -4 -4 -4 -3 ------- Run | Yrd Mat Min Exi Min Mat Gar Mat Fac Gar Fac Gar Fac Was Fac Gar Fac Gar Fac Upp Upp Fac Gar Fac Gar Res Combat Hostiles Destroyed 321 | . 9 . . . 24 35 13 11 15 7 16 12 6 . 38 8 31 11 9 5 . 37 . 25 9 Melee 11 | . . . . . . 1 . 3 1 2 1 . . . 1 . 1 . . . . . . . 1 Guns 137 | . 7 . . . 18 18 2 1 7 1 2 11 5 . 18 1 4 4 . . . 23 . 13 2 Cannons 96 | . . . . . 6 12 . . 4 4 5 . . . 11 7 18 3 8 1 . 8 . 9 . AOE 51 | . . . . . . 4 10 4 1 . 6 . 1 . 7 . 4 1 . 4 . 3 . . 6 Classes Destroyed 21 | 1 2 . . . 4 3 2 . 2 1 . 1 1 . 2 . 1 . . . . . . 1 . Worker 11 | . . . . . 3 . 1 . . 3 . . . . . . . 2 . . . . . . 2 Builder 11 | . . . . . 2 . 2 2 . 4 . 1 . . . . . . . . . . . . . Tunneler 4 | 2 . . . . . . . . . 1 . . . . . . . . . . . . . . 1 Hauler 3 | . . . . . 1 . 1 1 . . . . . . . . . . . . . . . . . Recycler 1 | . . . . . . . . . . 1 . . . . . . . . . . . . . . . Mechanic 2 | . . . . . . . . . . . . 1 . . . . 1 . . . . . . . . Operator 2 | . . . . . . . . . 1 . . 1 . . . . . . . . . . . . . Watcher 10 | . . . . . . . 2 3 . . . 2 . . . . . 1 . . . 2 . . . Swarmer 47 | . 3 . . . 5 6 3 4 5 1 . . . . 3 . 4 . 4 4 . 1 . 1 3 Cutter 12 | . . . . . . . . . . . . . . . 3 . 4 . . . . 5 . . . Saboteur 2 | . . . . . . . . . . . . . . . . . . . . . . . . 1 1 Grunt 128 | . 6 . . . 15 18 8 6 5 6 10 2 . . 21 4 5 5 1 . . 7 . 7 2 Brawler 5 | . . . . . . . . . 1 . . . . . . . 1 2 . . . 1 . . . Duelist 9 | . . . . . . 1 2 . . . . . . . 1 . 1 . 1 . . 2 . 1 . Protector 1 | . . . . . . . 1 . . . . . . . . . . . . . . . . . . Sentry 41 | . . . . . 4 5 . . 2 . . 4 . . 5 1 6 1 . 1 . 6 . 6 . Hunter 28 | . . . . . . 1 1 . 2 . . . . . 3 . 4 2 1 . . 10 . 4 . Programmer 38 | . . . . . . 4 . 1 . 1 6 6 . . . 3 4 2 1 . . 3 . 5 2 Behemoth 5 | . . . . . . . . . . . . . . . . . 2 . 1 . . 2 . . . Compactor 6 | . . . . . . . . . . . . . 6 . . . . . . . . . . . . Striker 2 | . . . . . . . . . . . . . . . 2 . . . . . . . . . . Savage 1 | . . . . . . . . . . . . . . . . . . . . . . . . 1 . Butcher 1 | . . . . . . . . . . 1 . . . . . . . . . . . . . . . Best Kill Streak 14 | 2 3 . . . 5 6 14 7 4 6 4 2 2 . 6 2 5 6 4 4 . 3 . 5 5 Combat Bots Only 11 | . 3 . . . 5 6 11 5 4 3 4 2 2 . 6 2 5 5 4 4 . 3 . 5 4 Max Kills in Single Turn 6 | 1 2 . . . 3 3 4 6 2 3 2 1 1 . 3 1 2 1 2 3 . 2 . 1 2 Gunslinging 1 | . 1 . . . 1 . . . . . . . . . . . . . . . . 1 . . . Exploded 4 | . . . . . . 3 3 4 1 . 2 . 1 . 3 . 2 1 . 3 . 1 . . 1 Melee 1 | . . . . . . 1 . 1 1 1 1 . . . 1 . 1 . . . . . . . 1 Uniques/NPCs Destroyed 1 | . . . . . . . . . . . . . . . . . . . . . . . . . 1 V4-D3R (-3/Research) Combat | -11 -10 -10 -10 -9 -8 -8 -8 -7 -7 -7 -7 -6 -6 -6 -6 -6 -6 -5 -5 -5 -4 -4 -4 -4 -3 -------- Run | Yrd Mat Min Exi Min Mat Gar Mat Fac Gar Fac Gar Fac Was Fac Gar Fac Gar Fac Upp Upp Fac Gar Fac Gar Res Hostile Shots Fired 2559 | . 38 . . 2 121 175 13 40 211 104 110 102 1 . 256 53 382 180 87 15 . 263 . 136 270 Missed 719 | . 8 . . . 29 46 4 12 69 46 38 41 . . 66 9 114 27 24 5 . 61 . 24 96 Hits 1840 | . 30 . . 2 92 129 9 28 142 58 72 61 1 . 190 44 268 153 63 10 . 202 . 112 174 Melee 34 | . . . . . . . . . . 1 . . 1 . . . 1 9 . . . 9 . 1 12 Projectile 1806 | . 30 . . 2 92 129 9 28 142 57 72 61 . . 190 44 267 144 63 10 . 193 . 111 162 AOE 9 | . . . . . . . . . . . . . . . 2 . 3 . . . . 3 . . 1 Critical Strikes 77 | . . . . . 6 7 . 2 4 1 2 1 1 . 3 . 4 14 2 . . 15 . 2 13 Actively Blocked 1 | . . . . . . . . . . . . . . . . . . . . . . . . 1 . Part Disruptions 1 | . . . . . . . . . . 1 . . . . . . . . . . . . . . . Damage Taken 29662 | . 321 . . 28 1411 1859 183 603 1422 932 1183 660 65 . 2756 754 3859 3177 1194 163 . 3079 . 1199 4814 Core 3245 | . 87 . . 7 194 161 85 44 171 101 63 21 . . 175 6 321 258 114 16 . 82 . 35 1304 Absorbed by Shields 2924 | . . . . . . . . 35 136 . . . . . . . . . . . . 1655 . 942 156 Reduced by Siege Mode 2534 | . . . . . . . . . . . . . . . 227 17 449 632 201 . . 531 . 118 359 Redirected to Shielding 34 | . . . . . . . . . . . . . . . . . . . . . . . . 34 . Regen/Repaired (Parts) 1969 | . . . . . 67 . . . . . . . . . . 313 561 858 . . . 170 . . . Core Remaining (%) 59 | 100 . . . 62 . . 20 . . . 45 . . . . . 38 . . 61 . . . 89 . Volleys Fired 1474 | 2 34 . . . 84 119 24 8 63 20 41 47 54 2 137 72 241 71 34 5 14 259 3 90 50 Largest 3 | 2 2 . . . 3 3 2 2 3 3 3 3 3 1 3 3 3 3 3 3 2 3 1 3 3 Hottest 305 | 90 100 . . . 164 169 83 83 157 137 154 195 195 85 215 270 290 282 278 278 161 305 120 250 305 Shots Fired 2742 | 4 59 . . . 209 262 38 10 130 40 66 107 134 2 255 119 314 117 85 9 15 491 3 198 75 Gun 1393 | 4 56 . . . 139 154 29 8 58 18 29 102 119 . 156 16 34 49 . . . 274 . 126 22 Cannon 1110 | . . . . . 70 100 2 . 63 18 25 3 . 2 88 97 180 60 83 6 15 206 3 63 26 Launcher 72 | . . . . . . 3 6 1 . 4 12 . 10 . 11 . 11 . . 3 . 3 . . 8 Special 167 | . 3 . . . . 5 1 1 9 . . 2 5 . . 6 89 8 2 . . 8 . 9 19 Kinetic 391 | . . . . . 116 88 14 3 46 23 26 6 . . 41 . 28 . . . . . . . . Thermal 1995 | 2 49 . . . 72 155 2 . 42 1 . 86 119 2 203 113 245 87 83 6 14 474 3 189 48 Explosive 55 | . . . . . . 3 6 1 . 4 12 . 10 . 2 . 3 . . 3 . 3 . . 8 Electromagnetic 215 | 2 10 . . . 21 16 15 5 33 12 28 13 . . 9 . 22 22 . . 1 6 . . . Robot Hit Streak 61 | 3 22 . . . 24 16 18 4 11 5 8 14 24 . 34 19 61 20 10 5 . 29 . 30 16 Robot Miss Streak 6 | . 3 . . . 6 5 3 2 3 2 4 2 3 . 3 6 3 1 3 4 . 4 . 2 3 Penetration Max 1 | . . . . . 1 1 1 . 1 1 1 . . . 1 . 1 . . . . . . . 1 Secondary Targets 15 | . 1 . . . 3 . . . . . . . 2 . 6 . . . . . . 2 . 1 . Max Gunslinging Chain 1 | . 1 . . . 1 . . . . . . . 1 . 1 . . . . . . 1 . 1 . Shots Hit Robots 1648 | 3 37 . . . 122 139 20 24 88 22 42 66 96 . 151 53 194 89 56 3 . 269 . 124 50 Core Hits 643 | 3 14 . . . 45 57 31 12 26 22 31 21 21 . 69 13 59 27 13 8 . 97 . 49 25 Critical Kills 9 | . . . . . 2 . . . . 1 . . . . . . 1 . 1 . . 1 . 3 . Critical Parts Destroyed 14 | . . . . . . 3 . 3 3 . 2 . . . . . 2 1 . . . . . . . Critical Strikes 56 | . 4 . . . 2 6 . 3 3 1 2 7 3 . 9 . 8 1 1 . . 3 . 3 . Burn 22 | . 4 . . . . 3 . . . . . 7 3 . 5 . . . . . . . . . . Meltdown 6 | . . . . . . . . . . . . . . . . . 1 . 1 . . 1 . 3 . Destroy 8 | . . . . . 2 2 . . . 1 1 . . . . . 2 . . . . . . . . Blast 4 | . . . . . . . . . . . . . . . 4 . . . . . . . . . . Corrupt 2 | . . . . . . . . . . . . . . . . . . . . . . 2 . . . Smash 9 | . . . . . . 1 . 3 3 . 1 . . . . . . 1 . . . . . . . Sever 5 | . . . . . . . . . . . . . . . . . 5 . . . . . . . . Melee Attacks 294 | . . . . . . 11 3 22 94 2 39 27 . . 73 . 15 7 . . . . . . 1 Impact 293 | . . . . . . 11 3 22 94 2 39 27 . . 73 . 15 7 . . . . . . . Slashing . | . . . . . . . . . . . . . . . . . . . . . . . . . . Piercing 1 | . . . . . . . . . . . . . . . . . . . . . . . . . 1 Sneak Attacks 10 | . . . . . . 1 . 2 2 1 2 1 . . . . . 1 . . . . . . . Combat Hostiles 3 | . . . . . . . . 1 1 . 1 . . . . . . . . . . . . . . Follow-up Attacks . | . . . . . . . . . . . . . . . . . . . . . . . . . . Damage Inflicted 54423 | 53 457 . . . 2930 3707 1692 1403 2361 1114 2383 1763 4470 . 5576 1507 4650 2637 2389 379 . 8712 . 4343 1897 Guns 24144 | 53 457 . . . 2025 1906 408 72 875 241 327 1576 2546 . 2493 426 379 1118 . . . 5950 . 2881 411 Cannons 17786 | . . . . . 904 1105 . . 897 300 523 . . . 2234 1081 2572 1313 2331 67 . 2492 . 1462 505 Explosions 8485 | . . . . . . 418 1229 358 94 394 1040 51 1924 . 774 . 635 . 58 312 . 270 . . 928 Melee 2889 | . . . . . . 245 55 973 495 89 493 136 . . 75 . 122 206 . . . . . . . Ramming 144 | . . . . . 1 . . . . 90 . . . . . . . . . . . . . . 53 Kinetic 6887 | . . . . . 1698 1081 221 22 758 430 451 131 . . 1777 . 318 . . . . . . . . Thermal 33985 | 26 426 . . . 944 1838 473 . 517 . . 1399 2546 . 3062 1507 3177 1912 2389 67 . 8443 . 4343 916 Explosive 6854 | . . . . . . 418 756 358 33 394 1040 . 1924 . 179 . 350 . . 312 . 162 . . 928 Electromagnetic 3664 | 27 31 . . . 287 125 187 50 558 111 399 97 . . 483 . 683 519 . . . 107 . . . Impact 2889 | . . . . . . 245 55 973 495 89 493 136 . . 75 . 122 206 . . . . . . . Slashing . | . . . . . . . . . . . . . . . . . . . . . . . . . . Piercing . | . . . . . . . . . . . . . . . . . . . . . . . . . . Highest Corruption 34 | . 2 2 2 2 . 2 2 1 2 2 10 6 6 6 10 10 22 33 34 34 . 6 6 8 13 Average Corruption 9 | . 1 2 2 2 . 2 2 1 1 2 8 3 6 6 9 10 19 23 33 34 . 2 6 7 8 Corruption Purged . | . . . . . . . . . . . . . . . . . . . . . . . . . . Corruption Blocked . | . . . . . . . . . . . . . . . . . . . . . . . . . . Effects 833 | . 3 8 8 11 . 16 7 . 34 11 56 30 35 6 121 57 177 58 69 4 . 36 . 71 15 Message Errors 187 | . . 3 2 2 . 3 1 . 4 3 16 6 14 1 30 14 40 9 16 . . 6 . 14 3 Matter Fused 207 | . . 1 2 5 . 2 1 . 9 2 11 5 7 3 35 15 48 14 14 . . 13 . 16 4 Heat Flow Errors 94 | . . . 1 1 . 1 2 . 7 . 6 5 3 1 9 8 19 10 8 2 . 2 . 7 2 Energy Discharges 99 | . . 2 3 1 . 1 . . 5 2 3 4 1 . 12 5 23 6 12 . . 8 . 10 1 Parts Rejected 13 | . 2 . . . . . . . . . 2 . 3 . . . 1 2 1 1 . . . 1 . Parts Fused 13 | . . . . . . 1 . . . . . 1 . 1 1 . 4 . 2 . . . . 3 . Data Loss (minor) 100 | . 1 2 . 1 . 7 1 . 5 1 8 3 2 . 16 7 17 6 4 1 . 2 . 14 2 Data Loss (major) 38 | . . . . 1 . 1 . . 2 1 3 4 1 . 9 3 9 . 1 . . 3 . . . Misfires 35 | . . . . . . . 1 . 2 1 4 1 3 . 7 1 4 5 3 . . 1 . 2 . Alerts 12 | . . . . . . . . . . . . 1 1 . 1 . 2 1 2 . . 1 . 3 . Misdirections 6 | . . . . . . . . . . . . . . . . 1 1 1 1 . . . . . 2 Weapon Failures 29 | . . . . . . . 1 . . 1 3 . . . 1 3 9 4 5 . . . . 1 1 Overload Shots . | . . . . . . . . . . . . . . . . . . . . . . . . . . Overflow Damage 1953 | . . . . . 39 134 139 346 279 49 252 27 . . 65 30 111 36 115 7 . 87 . 60 177 Projectiles 557 | . . . . . 39 22 . . . . 52 . . . 65 30 72 1 115 . . 87 . 60 14 Explosions 379 | . . . . . . . 124 55 . . 13 . . . . . 17 . . 7 . . . . 163 Melee 1017 | . . . . . . 112 15 291 279 49 187 27 . . . . 22 35 . . . . . . . Knockbacks 30 | . . . . . . . 1 5 2 . 6 1 . . 12 . 1 2 . . . . . . . Impact 16 | . . . . . . . 1 5 2 . 4 1 . . . . 1 2 . . . . . . . Kinetic 7 | . . . . . . . . . . . . . . . 7 . . . . . . . . . . Secondary 7 | . . . . . . . . . . . 2 . . . 5 . . . . . . . . . . Self-Inflicted Damage 725 | . . . . . . 12 36 56 137 . 56 46 19 . 72 . 68 . . 1 . 75 . . 147 Shots 22 | . . . . . . 1 1 2 2 . 2 1 1 . 4 . 3 . . 1 . 2 . . 2 Rammed 19 | . . . . . . . . . . 5 . . . . . . . . . . . . . . 14 Targets Rammed 23 | . . . . . 1 . . . . 8 . . . . . . . . . . . . . . 14 Kicked . | . . . . . . . . . . . . . . . . . . . . . . . . . . Crushed 4 | . . . . . 1 . . . . 3 . . . . . . . . . . . . . . . Highest Temperature 583 | 60 330 . 104 266 312 328 216 . 350 132 460 342 164 206 197 354 225 398 583 181 52 472 . 387 389 Average Temperature 100 | 30 81 . 61 142 91 109 111 . 96 53 124 97 55 134 48 105 65 117 155 89 28 93 . 118 94 Received Heat Transfer 6876 | . 150 . . . 774 702 72 99 424 318 324 138 . . 825 153 618 825 180 . . 153 . 106 1015 Effects 28 | . 1 . . . 1 1 . . 2 . 3 6 . . . 2 . 4 4 . . 2 . 2 . Shutdowns 6 | . . . . . . . . . . . 1 . . . . . . 1 2 . . 1 . 1 . Energy Bleed 6 | . . . . . 1 1 . . . . 1 . . . . 1 . . 1 . . . . 1 . Interference 10 | . 1 . . . . . . . . . . 6 . . . . . 3 . . . . . . . Matter Decay 3 | . . . . . . . . . . . 1 . . . . 1 . . 1 . . . . . . Short Circuit 1 | . . . . . . . . . . . . . . . . . . . . . . 1 . . . Damage (minor) 2 | . . . . . . . . . 2 . . . . . . . . . . . . . . . . Siege Activations 79 | . . . . . . . . . . . . . . . 10 5 15 4 5 1 . 23 . 12 4 Total Turns 1974 | . . . . . . . . . . . . . . . 332 53 385 137 69 5 . 674 . 248 71 Longest Duration 163 | . . . . . . . . . . . . . . . 163 18 72 58 33 5 . 138 . 84 41 Martial Activations . | . . . . . . . . . . . . . . . . . . . . . . . . . . Shielding Activations . | . . . . . . . . . . . . . . . . . . . . . . . . . . Robots Disrupted 3 | . . . . . 1 . . . . . . . . . . . . 1 1 . . . . . . Combat Hostiles 3 | . . . . . 1 . . . . . . . . . . . . 1 1 . . . . . . Robots Corrupted 17 | . . . . . . . 1 5 3 . 2 1 . . 1 . 2 2 . . . . . . . Combat Hostiles 14 | . . . . . . . 1 3 2 . 2 1 . . 1 . 2 2 . . . . . . . Parts Fried 27 | . . . . . 1 . 3 3 4 1 2 2 . . 3 . 5 3 . . . . . . . Impact Corruptions 33 | . . . . . . 3 1 9 9 1 6 2 . . . . 1 1 . . . . . . . Robots Melted 12 | . 2 . . . . . . . . . . . . . . . 2 1 1 . . 3 . 3 . Combat Hostiles 12 | . 2 . . . . . . . . . . . . . . . 2 1 1 . . 3 . 3 . Parts Melted 81 | . 9 . . . 3 7 . . . . . 8 1 . 11 4 2 3 1 . . 18 . 12 2 Heat Transferred 41178 | 74 1554 . . . 1488 3646 300 . 790 . . 2344 3885 . 4341 1702 4968 1627 907 87 . 8791 . 4192 482 Parts Sabotaged 8 | . . . . . . . . . . . . . . . . . . 4 . . . . . 4 . Parts Stolen . | . . . . . . . . . . . . . . . . . . . . . . . . . . Parts Stripped . | . . . . . . . . . . . . . . . . . . . . . . . . . . Power Chain Reactions 6 | . . . . . . . 1 . 1 . . 1 . . 1 . . . 1 . . 1 . . . Alert | -11 -10 -10 -10 -9 -8 -8 -8 -7 -7 -7 -7 -6 -6 -6 -6 -6 -6 -5 -5 -5 -4 -4 -4 -4 -3 ------- Run | Yrd Mat Min Exi Min Mat Gar Mat Fac Gar Fac Gar Fac Was Fac Gar Fac Gar Fac Upp Upp Fac Gar Fac Gar Res Maximum Alert Level 5 | . . . . . 1 5 4 3 5 4 5 3 1 . 5 4 5 5 . . 2 5 5 5 5 Low Security (%) 14 | 100 100 100 . 100 72 . . . . . . . 89 100 12 . . . . . . 1 . . . Level 1 6 | . . . . . 27 16 . . . . . . 10 . 6 . . . . . 95 9 . . . Level 2 13 | . . . . . . 6 . 93 20 . . 77 . . 19 . . . . . 4 10 . . . Level 3 13 | . . . . . . 25 6 6 27 . 29 22 . . 16 22 17 . . . . 12 . . . Level 4 23 | . . . . . . 26 93 . 16 100 58 . . . 18 77 27 12 . . . 14 . 21 97 Level 5 28 | . . . . . . 25 . . 35 . 11 . . . 26 . 55 87 . . . 50 100 78 2 High Security . | . . . . . . . . . . . . . . . . . . . . . . . . . . Max Security . | . . . . . . . . . . . . . . . . . . . . . . . . . . Peak Influence 3603 | 10 137 34 . 38 355 2465 1565 719 2654 1444 1700 892 257 6 2378 1375 3603 1891 . . 406 3452 1816 2848 1602 Initial 1891 | . . 34 . . . 224 1201 676 422 1393 978 892 241 . . 1248 951 1891 . . 406 154 1812 1264 1602 Average 1189 | 1 67 4 . 1 142 1153 1296 618 1352 1369 1292 635 57 . 1044 1167 2056 1691 . . 310 1673 1810 2038 1433 Influence Increases 21227 | 10 268 . . 38 950 2321 661 402 2322 445 772 458 31 8 2448 699 2902 384 230 110 20 3538 4 1644 562 Destroy 0b10 Robot/C 7420 | . 180 . . 20 620 780 340 220 520 260 320 240 . . 820 220 740 220 180 100 . 780 . 720 140 Destroy 0b10 Robot/NC 330 | 10 . . . . 50 . 40 30 10 45 5 25 . . . 35 15 15 . . . 35 . . 15 Destroy Leader 962 | . 30 . . 10 128 30 78 48 20 50 30 114 . . 50 62 50 52 50 10 . 60 . 70 20 Allied During Kill 348 | . . . . 8 39 15 33 . 59 35 . . . . 19 18 12 3 . . . 39 . 66 2 Successful Hack 229 | . 9 . . . 32 7 32 . . 23 14 . . 6 16 12 14 20 . . . 7 . 28 9 Disable Machine 765 | . 15 . . . 15 45 60 30 75 . 15 30 . . 60 210 30 15 . . . 75 . 75 15 Anti-Garrison Action 8650 | . . . . . . 1300 . . 1450 . 150 . . . 1300 . 1750 . . . . 2150 . 550 . Destroy Structure 1683 | . 4 . . . 36 54 78 14 143 32 133 34 31 2 138 97 216 44 . . 20 302 4 135 166 Partial Spotted 30 | . . . . . . . . . . . . 15 . . . . . 15 . . . . . . . Lose Combat Pursuer 810 | . 30 . . . 30 90 . 60 45 . 105 . . . 45 45 75 . . . . 90 . . 195 Influence Decreases 19697 | 10 178 90 . 38 605 201 1638 1286 272 1701 470 1468 721 8 70 1718 658 2385 1108 189 445 306 1650 602 1880 Entered New Map 13089 | . . 56 . . . 121 1264 812 182 1261 420 808 449 . . 1130 408 1712 594 139 239 66 1640 542 1246 Time Decay 5027 | 10 178 34 . 38 544 . 334 464 . 310 . 650 252 8 . 538 . 553 474 50 206 . 10 . 374 Lost Part 920 | . . . . . . 80 . 10 70 70 50 . 20 . 50 . 150 110 20 . . 90 . 20 180 Lost Ally 661 | . . . . . 61 . 40 . 20 60 . 10 . . 20 50 100 10 20 . . 150 . 40 80 Squads Dispatched 48 | . 1 . . . 4 . 2 4 . 4 . 6 . . . 4 . 10 . . . . . . 13 Investigation 5 | . 1 . . . 2 . . . . 1 . . . . . 1 . . . . . . . . . Extermination 13 | . . . . . . . . 2 . 1 . 4 . . . 2 . 2 . . . . . . 2 Reinforcement 11 | . . . . . 2 . . 2 . 1 . 1 . . . . . . . . . . . . 5 Assault 19 | . . . . . . . 2 . . 1 . 1 . . . 1 . 8 . . . . . . 6 Garrison . | . . . . . . . . . . . . . . . . . . . . . . . . . . Intercept . | . . . . . . . . . . . . . . . . . . . . . . . . . . Searches Triggered . | . . . . . . . . . . . . . . . . . . . . . . . . . . Unchained Authorized 1 | . . . . . . . . . . . . . . . . . . . . . . . . . 1 Construction Impeded 1 | . . . . . 1 . . . . . . . . . . . . . . . . . . . . Haulers Reinforced 2 | . . . . . . . . . . 1 . . . . . . . . . . . . . . 1 Active Scanning Responses . | . . . . . . . . . . . . . . . . . . . . . . . . . . Cargo Convoy Interrupts . | . . . . . . . . . . . . . . . . . . . . . . . . . . Stealth | -11 -10 -10 -10 -9 -8 -8 -8 -7 -7 -7 -7 -6 -6 -6 -6 -6 -6 -5 -5 -5 -4 -4 -4 -4 -3 --------- Run | Yrd Mat Min Exi Min Mat Gar Mat Fac Gar Fac Gar Fac Was Fac Gar Fac Gar Fac Upp Upp Fac Gar Fac Gar Res Distress Signals 12 | . 2 . . . 5 . 1 3 . . . . . . . . . . . . . 1 . . . Communications Jammed 81 | . . . . . . . . . . . . . . . . . . 10 . . . 28 . . 43 Distress Signals 81 | . . . . . . . . . . . . . . . . . . 10 . . . 28 . . 43 Times Spotted 553 | . 13 . . 1 42 43 18 26 37 16 21 21 6 . 39 21 44 30 9 4 . 52 . 41 69 Peak Tracking Total 26 | . 4 . . 1 7 9 6 6 7 8 5 2 2 . 6 4 6 6 3 4 . 5 . 13 26 Tactical Retreats 36 | . 1 . . . 2 5 . 2 3 . 6 . . . 3 2 3 . . . . 3 . . 6 Traps | -11 -10 -10 -10 -9 -8 -8 -8 -7 -7 -7 -7 -6 -6 -6 -6 -6 -6 -5 -5 -5 -4 -4 -4 -4 -3 ------- Run | Yrd Mat Min Exi Min Mat Gar Mat Fac Gar Fac Gar Fac Was Fac Gar Fac Gar Fac Upp Upp Fac Gar Fac Gar Res Traps Triggered 51 | . 2 . . . 2 8 . 1 10 . 3 1 . . 7 4 3 1 . . . 5 . 4 . Indirectly 1 | . . . . . . . . . . . . . . . 1 . . . . . . . . . . Trap Hack Attempts . | . . . . . . . . . . . . . . . . . . . . . . . . . . Triggered . | . . . . . . . . . . . . . . . . . . . . . . . . . . Disarmed . | . . . . . . . . . . . . . . . . . . . . . . . . . . Reprogrammed . | . . . . . . . . . . . . . . . . . . . . . . . . . . Reused . | . . . . . . . . . . . . . . . . . . . . . . . . . . Traps Extracted . | . . . . . . . . . . . . . . . . . . . . . . . . . . Installed . | . . . . . . . . . . . . . . . . . . . . . . . . . . Triggered . | . . . . . . . . . . . . . . . . . . . . . . . . . . Machines | -11 -10 -10 -10 -9 -8 -8 -8 -7 -7 -7 -7 -6 -6 -6 -6 -6 -6 -5 -5 -5 -4 -4 -4 -4 -3 ---------- Run | Yrd Mat Min Exi Min Mat Gar Mat Fac Gar Fac Gar Fac Was Fac Gar Fac Gar Fac Upp Upp Fac Gar Fac Gar Res Machines Disabled 95 | . 1 . . . 1 12 4 2 11 . 2 2 . . 8 14 11 1 . . . 14 . 11 1 Max in Single Turn 2 | . 1 . . . 1 1 2 2 2 . 1 1 . . 1 2 2 1 . . . 1 . 2 1 Garrison Relay 31 | . . . . . . 8 . . 4 . 1 . . . 4 . 4 . . . . 6 . 4 . Phase Generator 4 | . . . . . . 1 . . 1 . . . . . . . 1 . . . . . . 1 . Machines Repaired . | . . . . . . . . . . . . . . . . . . . . . . . . . . Machines Dismantled 4 | . . . . . . 1 . . 1 . . . . . 1 . . . . . . . . 1 . Machines Sabotaged . | . . . . . . . . . . . . . . . . . . . . . . . . . . Overloaded Fab Kills . | . . . . . . . . . . . . . . . . . . . . . . . . . . Hacking | -11 -10 -10 -10 -9 -8 -8 -8 -7 -7 -7 -7 -6 -6 -6 -6 -6 -6 -5 -5 -5 -4 -4 -4 -4 -3 --------- Run | Yrd Mat Min Exi Min Mat Gar Mat Fac Gar Fac Gar Fac Was Fac Gar Fac Gar Fac Upp Upp Fac Gar Fac Gar Res Machines Accessed 73 | . 3 . 2 1 8 3 5 4 2 6 2 6 . 3 3 7 1 3 . . 4 3 1 3 3 Terminals 46 | . 3 . . . 5 3 3 1 2 3 2 4 . 2 3 2 1 1 . . 2 3 . 3 3 Fabricators 3 | . . . . . . . . 1 . . . 1 . . . 1 . . . . . . . . . Repair Stations 7 | . . . . . 1 . 1 . . 1 . 1 . . . 1 . 1 . . 1 . . . . Recycling Units 1 | . . . . . . . . 1 . . . . . . . . . . . . . . . . . Scanalyzers 6 | . . . . . 1 . 1 . . 1 . . . . . 2 . 1 . . . . . . . Garrison Access 7 | . . . . . 1 . . 1 . 1 . . . 1 . 1 . . . . 1 . 1 . . Total Hacks 169 | . 16 . 3 1 27 5 23 7 5 12 4 8 . 7 5 15 1 7 . . 8 4 2 5 4 Successful 72 | . 8 . 3 1 14 1 9 2 . 6 1 3 . 3 1 6 1 4 . . 3 1 2 2 1 Failed 95 | . 8 . . . 12 4 14 5 5 6 3 5 . 4 4 8 . 3 . . 5 3 . 3 3 Catastrophic 26 | . 1 . . . 2 2 1 1 1 3 . 4 . 1 2 2 . 1 . . 3 1 . . 1 Database Lockouts 2 | . . . . . 1 . . . . . . . . . . 1 . . . . . . . . . Manual 45 | . 15 . 1 . 10 . 6 1 . 3 . 2 . 4 . 2 . 1 . . . . . . . Terminals 106 | . 16 . . . 14 5 15 2 5 7 4 6 . 5 5 4 1 2 . . 2 4 . 5 4 Fabricators 5 | . . . . . . . . 1 . . . 1 . . . 3 . . . . . . . . . Repair Stations 20 | . . . . . 3 . 4 . . 2 . 1 . . . 2 . 4 . . 4 . . . . Recycling Units 2 | . . . . . . . . 2 . . . . . . . . . . . . . . . . . Scanalyzers 20 | . . . . . 9 . 4 . . 2 . . . . . 4 . 1 . . . . . . . Garrison Access 12 | . . . . . 1 . . 2 . 1 . . . 2 . 2 . . . . 2 . 2 . . Terminal Hacks 29 | . 3 . 3 1 3 1 3 . . 4 1 2 . 1 1 . 1 1 . . . 1 . 2 1 Record 3 | . . . 2 . . . . . . 1 . . . . . . . . . . . . . . . Part Schematic 2 | . . . . . . . . . . 1 . . . . . . . . . . . . . . 1 Robot Schematic 1 | . 1 . . . . . . . . . . . . . . . . . . . . . . . . Robot Analysis 2 | . . . . . . . 1 . . . . 1 . . . . . . . . . . . . . Open Door 3 | . . . . 1 . 1 . . . . . . . . . . . . . . . 1 . . . Branch Access Points 1 | . . . . . . . . . . . . . . . . . . 1 . . . . . . . Emergency Access Points 2 | . . . . . . . . . . . . . . . . . 1 . . . . . . 1 . Machine Index 1 | . . . . . 1 . . . . . . . . . . . . . . . . . . . . Terminal Index 4 | . 1 . . . . . 1 . . 1 . . . 1 . . . . . . . . . . . Alert Level 1 | . . . . . 1 . . . . . . . . . . . . . . . . . . . . Hauler Manifests 2 | . . . . . . . 1 . . 1 . . . . . . . . . . . . . . . Registered Components 2 | . . . . . 1 . . . . . . 1 . . . . . . . . . . . . . Zone Layout 1 | . 1 . . . . . . . . . . . . . . . . . . . . . . . . Garrison Registry 2 | . . . . . . . . . . . 1 . . . . . . . . . . . . 1 . Security Stations 1 | . . . . . . . . . . . . . . . 1 . . . . . . . . . . Proto ID Catalog 1 | . . . 1 . . . . . . . . . . . . . . . . . . . . . . Fabricator Hacks 4 | . . . . . . . . . . . . 1 . . . 3 . . . . . . . . . Network Status 2 | . . . . . . . . . . . . 1 . . . 1 . . . . . . . . . Load Schematic 1 | . . . . . . . . . . . . . . . . 1 . . . . . . . . . Build 1 | . . . . . . . . . . . . . . . . 1 . . . . . . . . . Repair Station Hacks 7 | . . . . . 2 . 2 . . . . . . . . . . 2 . . 1 . . . . Scan Component 5 | . . . . . 1 . 2 . . . . . . . . . . 1 . . 1 . . . . Repair 2 | . . . . . 1 . . . . . . . . . . . . 1 . . . . . . . Recycling Unit Hacks . | . . . . . . . . . . . . . . . . . . . . . . . . . . Scanalyzer 9 | . . . . . 6 . 1 . . 1 . . . . . 1 . . . . . . . . . Insert Component 2 | . . . . . 2 . . . . . . . . . . . . . . . . . . . . Analyze 2 | . . . . . 2 . . . . . . . . . . . . . . . . . . . . Retrieve Study 5 | . . . . . 2 . 1 . . 1 . . . . . 1 . . . . . . . . . Garrison Access Hacks 12 | . . . . . 1 . . 2 . 1 . . . 2 . 2 . . . . 2 . 2 . . Unlock Access 7 | . . . . . 1 . . 1 . 1 . . . 1 . 1 . . . . 1 . 1 . . Coupler Status 5 | . . . . . . . . 1 . . . . . 1 . 1 . . . . 1 . 1 . . Unauthorized Hacks 11 | . 5 . . . 2 . 3 . . . . . . . . . . 1 . . . . . . . Terminals 10 | . 5 . . . 2 . 3 . . . . . . . . . . . . . . . . . . Botnet 6 | . 3 . . . 1 . 2 . . . . . . . . . . . . . . . . . . Operators 3 | . 1 . . . 1 . 1 . . . . . . . . . . . . . . . . . . Skim 1 | . 1 . . . . . . . . . . . . . . . . . . . . . . . . Fabricators . | . . . . . . . . . . . . . . . . . . . . . . . . . . Repair Stations 1 | . . . . . . . . . . . . . . . . . . 1 . . . . . . . Mechanics 1 | . . . . . . . . . . . . . . . . . . 1 . . . . . . . Recycling Units . | . . . . . . . . . . . . . . . . . . . . . . . . . . Scanalyzers . | . . . . . . . . . . . . . . . . . . . . . . . . . . Garrison Access . | . . . . . . . . . . . . . . . . . . . . . . . . . . Data Cores Recovered 2 | . . . . . . . . . . . . 1 . . . 1 . . . . . . . . . Used 2 | . . . . . . . . . . . . 1 . . . 1 . . . . . . . . . Hacking Detections 63 | . 3 . . . 6 3 5 4 2 6 2 6 . 3 3 6 1 3 . . 4 2 . 1 3 Full Trace Events 4 | . 1 . . . . . 1 . . 1 . . . . . 1 . . . . . . . . . Feedback Events . | . . . . . . . . . . . . . . . . . . . . . . . . . . Feedback Blocked . | . . . . . . . . . . . . . . . . . . . . . . . . . . Robot Schematics Acquired 1 | . 1 . . . . . . . . . . . . . . . . . . . . . . . . Robots Built 1 | . . . . . . . . . . . . . . . . 1 . . . . . . . . . Authchips . | . . . . . . . . . . . . . . . . . . . . . . . . . . Time 81 | . . . . . . . . . . . . . . . . 81 . . . . . . . . . Total Robot Build Rating 1 | . . . . . . . . . . . . . . . . 1 . . . . . . . . . Part Schematics Acquired 4 | . . . . . 2 . . . . 1 . . . . . . . . . . . . . . 1 Parts Built . | . . . . . . . . . . . . . . . . . . . . . . . . . . Authchips . | . . . . . . . . . . . . . . . . . . . . . . . . . . Time . | . . . . . . . . . . . . . . . . . . . . . . . . . . Total Part Build Rating . | . . . . . . . . . . . . . . . . . . . . . . . . . . Part Studies Acquired 5 | . . . . . 2 . 1 . . 1 . . . . . 1 . . . . . . . . . Parts Repaired 2 | . . . . . 1 . . . . . . . . . . . . 1 . . . . . . . Time 94 | . . . . . 26 . . . . . . . . . . . . 68 . . . . . . . Parts Recycled . | . . . . . . . . . . . . . . . . . . . . . . . . . . Recycled Matter . | . . . . . . . . . . . . . . . . . . . . . . . . . . Retrieved Matter . | . . . . . . . . . . . . . . . . . . . . . . . . . . Retrieved Components . | . . . . . . . . . . . . . . . . . . . . . . . . . . Parts Scanalyzed 2 | . . . . . 2 . . . . . . . . . . . . . . . . . . . . Part Schematics Acquired 2 | . . . . . 2 . . . . . . . . . . . . . . . . . . . . Parts Damaged . | . . . . . . . . . . . . . . . . . . . . . . . . . . Bothacking | -11 -10 -10 -10 -9 -8 -8 -8 -7 -7 -7 -7 -6 -6 -6 -6 -6 -6 -5 -5 -5 -4 -4 -4 -4 -3 ------------ Run | Yrd Mat Min Exi Min Mat Gar Mat Fac Gar Fac Gar Fac Was Fac Gar Fac Gar Fac Upp Upp Fac Gar Fac Gar Res Used RIF Installer 9 | . . . . . . 1 . . 2 . 1 . . . 1 . 1 . . . . 1 . 2 . Hotswap 1 | . . . . . . . . . . . 1 . . . . . . . . . . . . . . Signal Jammer 1 | . . . . . . . . . . . . . . . . . 1 . . . . . . . . Zone Cloak 2 | . . . . . . . . . 1 . . . . . 1 . . . . . . . . . . Structural Interface 1 | . . . . . . . . . . . . . . . . . . . . . . 1 . . . Program Shield 1 | . . . . . . . . . 1 . . . . . . . . . . . . . . . . Autooverride 1 | . . . . . . . . . . . . . . . . . . . . . . . . 1 . Crosswire 1 | . . . . . . . . . . . . . . . . . . . . . . . . 1 . Robots Hacked 59 | . . . . . . . 1 1 5 . . 2 5 . . 4 8 5 . . . 8 . 8 12 Non-combat 12 | . . . . . . . 1 1 . . . 2 . . . 3 1 3 . . . 1 . . . Combat 47 | . . . . . . . . . 5 . . . 5 . . 1 7 2 . . . 7 . 8 12 Autooverrided 1 | . . . . . . . . . . . . . . . . . . . . . . . . . 1 Robot Hacks Applied 61 | . . . . . . . 1 1 6 . . 2 5 . . 5 9 5 . . . 8 . 8 11 parse_system 4 | . . . . . . . . . . . . . . . . 2 . . . . . . . 1 1 drop_inventory 1 | . . . . . . . . . . . . . . . . 1 . . . . . . . . . block_reporting 1 | . . . . . . . . . . . . . . . . . . 1 . . . . . . . map_route 5 | . . . . . . . 1 1 . . . 1 . . . 1 . 1 . . . . . . . ignore_targets 5 | . . . . . . . . . . . . . 5 . . . . . . . . . . . . find_shortcuts 1 | . . . . . . . . . 1 . . . . . . . . . . . . . . . . scatter_targeting 1 | . . . . . . . . . . . . . . . . . 1 . . . . . . . . link_complan 2 | . . . . . . . . . . . . . . . . . . . . . . 2 . . . disrupt_area 1 | . . . . . . . . . . . . . . . . . 1 . . . . . . . . overload_power 1 | . . . . . . . . . . . . . . . . . 1 . . . . . . . . amplify_resonance 25 | . . . . . . . . . 2 . . . . . . . 3 2 . . . 4 . 5 9 reboot_system 1 | . . . . . . . . . . . . . . . . . . . . . . . . . 1 overwrite_iff 2 | . . . . . . . . . . . . . . . . . 2 . . . . . . . . streamctrl_low 1 | . . . . . . . . . . . . . . . . . . 1 . . . . . . . streamctrl_high 1 | . . . . . . . . . 1 . . . . . . . . . . . . . . . . formatsys_low 2 | . . . . . . . . . . . . . . . . . 1 . . . . 1 . . . formatsys_high 5 | . . . . . . . . . 2 . . 1 . . . 1 . . . . . . . 1 . formatsys_deep 2 | . . . . . . . . . . . . . . . . . . . . . . 1 . 1 . Relay Couplers Released 120 | . . . . . . 29 . . 18 . 4 . . . 13 . 15 . . . . 24 . 17 . Machine Destruction 120 | . . . . . . 29 . . 18 . 4 . . . 13 . 15 . . . . 24 . 17 . Attached 27 | . . . . . . . 1 . 4 . . 1 1 . . 3 3 2 . . . 6 . 5 1 Crosswired 7 | . . . . . . . . . . . . . . . . . . . . . . . . 7 . Fabnet Peak Effective % . | . . . . . . . . . . . . . . . . . . . . . . . . . . Robots Rewired 12 | . . . . . . 2 . . 7 . . . . . . . 1 1 1 . . . . . . Allies Hacked . | . . . . . . . . . . . . . . . . . . . . . . . . . . Hacks Repelled . | . . . . . . . . . . . . . . . . . . . . . . . . . . Allies | -11 -10 -10 -10 -9 -8 -8 -8 -7 -7 -7 -7 -6 -6 -6 -6 -6 -6 -5 -5 -5 -4 -4 -4 -4 -3 -------- Run | Yrd Mat Min Exi Min Mat Gar Mat Fac Gar Fac Gar Fac Was Fac Gar Fac Gar Fac Upp Upp Fac Gar Fac Gar Res Total Allies 53 | . . 3 . 2 . 4 . . 11 . . 1 . . 3 2 5 2 1 . . 9 . 5 5 Largest Group 10 | . . 3 3 5 4 4 4 . 10 6 . 1 . . 2 2 1 1 . . . 7 . 2 2 Highest-Rated Group 193 | . . 40 40 85 77 93 93 . 193 137 . 10 . . 157 157 90 30 . . . 152 . 112 151 Highest-Rated Ally 116 | . . 16 16 31 31 31 31 . 32 32 . 10 . . 95 95 90 30 . . . 46 . 56 116 Total Orders 13 | . . . . . . . . . 3 . . . . . . 3 1 4 . . . 2 . . . STAY 2 | . . . . . . . . . 1 . . . . . . 1 . . . . . . . . . ROAM 1 | . . . . . . . . . . . . . . . . . . . . . . 1 . . . FOLLOW 3 | . . . . . . . . . 2 . . . . . . 1 . . . . . . . . . AID 7 | . . . . . . . . . . . . . . . . 1 1 4 . . . 1 . . . Ally Attacks 329 | . . . . 9 72 9 22 . 48 21 . . . . 10 32 24 . 1 . . 39 . 31 11 Total Damage 8281 | . . . . 58 619 168 396 . 1055 495 . . . . 437 1877 1139 . 20 . . 619 . 1108 290 Kills 73 | . . . . 2 11 4 6 . 11 7 . . . . 3 10 6 . . . . 2 . 11 . Allies Corrupted 1 | . . . . . . . . . . . . . . . . . . . . . . . . . 1 Allies Melted 2 | . . . . . . . . . . . . . . . . . 1 . . . . . . . 1 Field Lobotomies 5 | . . . . . . . . . . . . . . . . . 1 . . . . . . . 4 Intel | -11 -10 -10 -10 -9 -8 -8 -8 -7 -7 -7 -7 -6 -6 -6 -6 -6 -6 -5 -5 -5 -4 -4 -4 -4 -3 ------- Run | Yrd Mat Min Exi Min Mat Gar Mat Fac Gar Fac Gar Fac Was Fac Gar Fac Gar Fac Upp Upp Fac Gar Fac Gar Res Active Infowar (turns) 16083 | 12 307 . . . . . . . 3288 680 1560 2374 1160 172 1172 . . 1002 1212 104 434 2606 . . . Optics 15764 | . . . . . . . . . 3288 680 1560 2374 1160 172 1172 . . 1002 1212 104 434 2606 . . . Terrain 319 | 12 307 . . . . . . . . . . . . . . . . . . . . . . . . Robot Analysis Total 2 | . . . . . . . 1 . . . . 1 . . . . . . . . . . . . . Derelict Logs Recovered 2 | . . 1 . 1 . . . . . . . . . . . . . . . . . . . . . Drone Launches . | . . . . . . . . . . . . . . . . . . . . . . . . . . Drone Recoveries . | . . . . . . . . . . . . . . . . . . . . . . . . . . Exploration | -11 -10 -10 -10 -9 -8 -8 -8 -7 -7 -7 -7 -6 -6 -6 -6 -6 -6 -5 -5 -5 -4 -4 -4 -4 -3 ------------- Run | Yrd Mat Min Exi Min Mat Gar Mat Fac Gar Fac Gar Fac Was Fac Gar Fac Gar Fac Upp Upp Fac Gar Fac Gar Res Turns Passed 39437 | 115 503 356 563 767 2837 3015 746 1167 3476 680 1560 2390 1160 172 3341 1536 4023 1605 1212 104 434 4566 33 2209 867 Spaces Moved 13227 | 53 226 211 350 267 889 848 232 477 1171 214 410 689 375 69 992 588 1280 470 460 36 178 1431 11 729 571 Core 410 | 3 . . . . . . . . . . . . . . . . . . . . . . . . 407 Treads 11614 | 50 226 211 350 267 889 848 232 477 1171 214 145 . 126 69 992 588 1280 470 460 36 178 1431 11 729 164 Legs 1203 | . . . . . . . . . . . 265 689 249 . . . . . . . . . . . . Wheels . | . . . . . . . . . . . . . . . . . . . . . . . . . . Hover . | . . . . . . . . . . . . . . . . . . . . . . . . . . Flight . | . . . . . . . . . . . . . . . . . . . . . . . . . . Fastest Speed 50 | 50 160 160 160 160 240 282 230 188 188 210 210 190 240 240 240 200 200 260 225 225 225 225 225 225 50 Average Speed 228 | 153 160 160 160 203 273 286 248 203 225 242 299 259 258 240 240 202 209 260 231 225 225 225 225 228 103 Slowest Speed 750 | 160 160 160 160 240 323 385 282 228 320 320 750 260 330 240 320 240 260 260 260 225 225 410 225 230 250 Overloaded Moves . | . . . . . . . . . . . . . . . . . . . . . . . . . . Propulsion Burnouts . | . . . . . . . . . . . . . . . . . . . . . . . . . . Robots Hopped 2 | . . . . . . . . . . . . . . . . . . 2 . . . . . . . Potential Cave-ins 10 | . . . . . 2 . . . . . . . . . . 2 . . . . . 6 . . . Cave-ins Triggered . | . . . . . . . . . . . . . . . . . . . . . . . . . . Exploration Rate (%) 45 | 4 45 43 75 39 75 91 32 18 89 9 47 18 88 4 94 19 98 14 65 9 7 97 1 85 15 Regions Visited 25 Branch Regions 5 Pre-discovered Areas 3 | . . 1 1 1 . . . . . . . . . . . . . . . . . . . . . Known Exits Taken 9 | . . . . . 1 . 1 1 . 1 . . . 1 . 1 . 1 . . 1 . 1 . . Unknown Exits Taken 7 | 1 1 1 1 1 . . . . . . . . . . . . . . 1 1 . . . . . Scrap Searched 5 | . . 1 . 2 . . . . . . . . . . . . . . 2 . . . . . . Spaces Dug 377 | . 2 . . . 14 1 4 3 59 2 11 33 . 2 61 33 17 14 . . 10 89 3 10 9 Terrain Destroyed 1398 | . 2 . . . 38 26 96 13 135 41 160 38 65 2 99 89 128 27 20 45 10 163 3 99 99 Melee 161 | . . . . . . 1 2 3 59 1 10 23 . . 52 . 8 1 . . . . . . 1 Projectile 381 | . 2 . . . 38 3 2 . 1 2 2 11 4 2 22 55 24 26 16 3 10 117 3 24 14 AOE 855 | . . . . . . 22 92 10 75 38 148 4 61 . 25 34 95 . 4 42 . 46 . 75 84 Terrain Rammed . | . . . . . . . . . . . . . . . . . . . . . . . . . . Walls Destroyed . | . . . . . . . . . . . . . . . . . . . . . . . . . . Machines Disabled . | . . . . . . . . . . . . . . . . . . . . . . . . . . Actions | -11 -10 -10 -10 -9 -8 -8 -8 -7 -7 -7 -7 -6 -6 -6 -6 -6 -6 -5 -5 -5 -4 -4 -4 -4 -3 --------- Run | Yrd Mat Min Exi Min Mat Gar Mat Fac Gar Fac Gar Fac Was Fac Gar Fac Gar Fac Upp Upp Fac Gar Fac Gar Res Total 19483 | 80 300 230 355 492 1159 1122 358 621 1686 321 619 1153 466 72 1549 830 2220 754 555 54 201 2390 15 1095 786 Wait 3308 | 11 29 17 . 193 94 51 79 90 199 58 70 325 2 . 267 157 543 151 55 11 . 555 . 229 122 Move 13206 | 52 225 210 349 266 889 847 231 477 1170 214 409 689 374 69 991 588 1279 465 459 35 178 1430 11 728 571 Hop 2 | . . . . . . . . . . . . . . . . . . 2 . . . . . . . Pick Up 273 | 6 4 3 2 25 36 17 5 9 16 5 18 17 7 . 12 3 29 14 1 . 4 32 . 6 2 Fast Attach 100 | 6 2 . . . 1 1 . 1 4 3 5 4 8 . 8 . 16 7 2 1 2 20 . 6 3 Attach 102 | 2 . . . 3 7 8 1 2 5 2 5 2 4 . 6 1 21 11 2 . . 8 . 2 10 Detach 10 | 1 . . 2 . . . . . . . . . . . . . 4 . . . . 2 . . 1 Swap 250 | . 5 . . 2 14 7 9 6 26 5 5 24 6 1 24 7 25 19 2 2 1 33 1 18 8 Drop 222 | . 1 . 2 3 33 9 6 6 14 4 15 18 11 . 13 2 29 5 . . 2 43 . 2 4 Fire 1474 | 2 34 . . . 84 119 24 8 63 20 41 47 54 2 137 72 241 71 34 5 14 259 3 90 50 Melee 294 | . . . . . . 11 3 22 94 2 39 27 . . 73 . 15 7 . . . . . . 1 Ram 14 | . . . . . . . . . . . . . . . . . . . . . . . . . 14 Kick . | . . . . . . . . . . . . . . . . . . . . . . . . . . Crush 9 | . . . . . 1 . . . . 8 . . . . . . . . . . . . . . . Escape Stasis 62 | . . . . . . 8 . . 12 . 12 . . . 10 . 4 2 . . . 8 . 6 . Rewire 97 | . . . . . . 8 . . 75 . . . . . . . 14 . . . . . . . . Trap . | . . . . . . . . . . . . . . . . . . . . . . . . . . Miscellaneous 60 | . . . . . . 36 . . 8 . . . . . 8 . . . . . . . . 8 . Route ------- -11/Scrapyard -10/Materials (discovered 2 exits: [*Mat] / [*Min]) -10/Mines -10/Exiles -9/Mines -8/Materials (discovered 3 exits: *Fac x2 / Gar) -8/Garrison (discovered 3 exits: *Mat x3) -8/Materials -7/Factory (discovered 2 exits: *Fac / Gar) -7/Garrison (discovered 4 exits: *Fac x4) -7/Factory (discovered 2 exits: *Fac / Gar) -7/Garrison (discovered 3 exits: *Fac x3) -6/Factory -6/Waste -6/Factory -6/Garrison (discovered 3 exits: *Fac x3) -6/Factory -6/Garrison (discovered 3 exits: *Fac x3) -5/Factory (discovered 2 exits: *Upp x2) -5/Upper Caves -5/Upper Caves -4/Factory -4/Garrison (discovered 3 exits: *Fac x3) -4/Factory -4/Garrison (discovered 4 exits: *Res x3 / [*Fac]) -3/Research (discovered 1 exit: Res) History --------- Turn | Location | Event 31 | -11/Scrapyard | Discovered new exit (range 15) 116 | -11/Scrapyard | Entered Materials 296 | -10/Materials | Discovered new exit (range 9) 332 | -10/Materials | Build established: Mutant 572 | -10/Materials | Discovered new exit (range 5) 619 | -10/Materials | Entered Mines 626 | -10/Mines | Received a Rocket Launcher from a helpful Derelict 639 | -10/Mines | Met a Derelict bent on vengeance 716 | -10/Mines | Assisted by bots powering up and referring to "LRC-V3" 962 | -10/Mines | Deemed a non-threat by the Exiles lab entrance 962 | -10/Mines | Discovered new exit (range 5) 975 | -10/Mines | Entered Exiles 975 | -10/Exiles | Accompanied by 3 allies 1016 | -10/Exiles | Met 8R-AWN 1039 | -10/Exiles | Met EX-HEX 1090 | -10/Exiles | Met EX-BIN 1108 | -10/Exiles | Aligned with FarCom system 1109 | -10/Exiles | Given EX-Vault access code 1146 | -10/Exiles | Opened EX-Vault 1159 | -10/Exiles | Found Field Lobotomy Kit 1192 | -10/Exiles | Warned to stay clear of 0b10 Research branches 1243 | -10/Exiles | Met EX-DEC 1254 | -10/Exiles | Learned location of Zion (-6) 1329 | -10/Exiles | Visited The Gauntlet 1519 | -10/Exiles | Discovered new exit (range 12) 1538 | -10/Exiles | Left Exiles lab with Field Lobotomy Kit 1538 | -10/Exiles | Entered Mines 1538 | -9/Mines | Accompanied by 3 allies 1744 | -9/Mines | Met a Derelict who couldn't figure out how to use a Trap Extractor 2140 | -9/Mines | Discovered new exit (range 14) 2305 | -9/Mines | Entered Materials 2305 | -8/Materials | Accompanied by 4 allies 2305 | -8/Materials | Evolved 4 slots: Propulsion x1, Utility x2, Weapon x1 2310 | -8/Materials | Led the pair of lost Derelicts to an unsafe place 2662 | -8/Materials | Build established: Skirmisher 3086 | -8/Materials | Build established: Hauler-Skirmisher 3119 | -8/Materials | Repaired Lgt. Treads 3338 | -8/Materials | Discovered new exit (range 10) 3617 | -8/Materials | Central database locked down 4406 | -8/Materials | Discovered new exit (range 10) 5142 | -8/Materials | Identified exit to Garrison 5142 | -8/Materials | Entered Garrison 5376 | -8/Garrison | Triggered checkpoint 5458 | -8/Garrison | Garrison Relay disabled 5732 | -8/Garrison | Triggered checkpoint 5764 | -8/Garrison | Lost 3 parts (1n1u1w) 5840 | -8/Garrison | Triggered checkpoint 5914 | -8/Garrison | Triggered checkpoint 6000 | -8/Garrison | Garrison Relay disabled 6078 | -8/Garrison | Discovered new exit (range 11) 6149 | -8/Garrison | Installed Relay Interface Framework 6220 | -8/Garrison | Triggered checkpoint 6327 | -8/Garrison | Discovered new exit (range 11) 6374 | -8/Garrison | Core integrity fell below 50% 6378 | -8/Garrison | Triggered checkpoint 6456 | -8/Garrison | Build established: Bothacker-Skirmisher 6605 | -8/Garrison | Garrison Relay disabled 6984 | -8/Garrison | Discovered new exit (range 9) 7145 | -8/Garrison | Phase Generator disabled 7330 | -8/Garrison | Triggered checkpoint 7352 | -8/Garrison | Rescued a captive Derelict 7357 | -8/Garrison | Rescued a captive Derelict 7552 | -8/Garrison | Garrison Relay disabled 7582 | -8/Garrison | Garrison Relay disabled 7593 | -8/Garrison | Garrison Relay disabled 7768 | -8/Garrison | Garrison Relay disabled 7796 | -8/Garrison | Build established: Bothacker-Mutant 8157 | -8/Garrison | Entered Materials 8157 | -8/Materials | Accompanied by 4 allies 8557 | -8/Materials | First assault squad dispatched 8668 | -8/Materials | Destroyed 11 combat bots 8876 | -8/Materials | Discovered new exit (range 8) 8902 | -8/Materials | Identified exit to Factory 8903 | -8/Materials | Entered Factory 8903 | -7/Factory | Evolved 2 slots: Propulsion x1, Utility x1 9207 | -7/Factory | Discovered new exit (range 2) 10070 | -7/Factory | Identified exit to Garrison 10070 | -7/Factory | Entered Garrison 10274 | -7/Garrison | H-XX Assembler disabled 10408 | -7/Garrison | Triggered checkpoint 10464 | -7/Garrison | Garrison Relay disabled 10654 | -7/Garrison | Triggered checkpoint 10742 | -7/Garrison | Triggered checkpoint 10803 | -7/Garrison | Garrison Relay disabled 10866 | -7/Garrison | Discovered new exit (range 15) 11213 | -7/Garrison | Triggered checkpoint 11274 | -7/Garrison | Discovered new exit (range 13) 11322 | -7/Garrison | Triggered checkpoint 11375 | -7/Garrison | Expanded RIF knowledge: Zone Cloak 11412 | -7/Garrison | Triggered checkpoint 11625 | -7/Garrison | Garrison Relay disabled 11741 | -7/Garrison | Phase Generator disabled 11772 | -7/Garrison | Expanded RIF knowledge: Program Shield 12090 | -7/Garrison | Triggered checkpoint 12101 | -7/Garrison | Garrison Relay disabled 12204 | -7/Garrison | Discovered new exit (range 12) 12260 | -7/Garrison | Build established: Bothacker-Skirmisher 12264 | -7/Garrison | Triggered checkpoint 12268 | -7/Garrison | Discovered new exit (range 5) 12645 | -7/Garrison | Rescued a captive Derelict 12837 | -7/Garrison | Lost 4 allies 12874 | -7/Garrison | Triggered checkpoint 13259 | -7/Garrison | Build established: Bothacker-Mutant 13546 | -7/Garrison | Entered Factory 13546 | -7/Factory | Accompanied by 6 allies 13675 | -7/Factory | Lost 3 allies 13946 | -7/Factory | First assault squad dispatched 14015 | -7/Factory | Lost 3 parts (2n1w) 14070 | -7/Factory | Discovered new exit (range 15) 14226 | -7/Factory | Identified exit to Garrison 14226 | -7/Factory | Entered Garrison 14249 | -7/Garrison | Lost 3 parts (2u1w) 14699 | -7/Garrison | System corruption reached 10% 14720 | -7/Garrison | Triggered checkpoint 14814 | -7/Garrison | Garrison Relay disabled 15224 | -7/Garrison | Core integrity fell below 50% 15441 | -7/Garrison | Discovered new exit (range 48) 15441 | -7/Garrison | Discovered new exit (range 12) 15441 | -7/Garrison | Discovered new exit (range 66) 15656 | -7/Garrison | Expanded RIF knowledge: Hotswap 15786 | -7/Garrison | Entered Factory 15786 | -6/Factory | Evolved 2 slots: Utility x2 15930 | -6/Factory | Discovered new exit (range 20) 15976 | -6/Factory | Build established: Botlord-Skirmisher 16286 | -6/Factory | Build established: Botlord-Mutant 16953 | -6/Factory | Build established: Botlord-Skirmisher 17518 | -6/Factory | Build established: Botlord-Mutant 17871 | -6/Factory | Build established: Botlord-Skirmisher 17886 | -6/Factory | First assault squad dispatched 18176 | -6/Factory | Sucked down chute 18176 | -6/Factory | Entered Waste 18196 | -6/Waste | Spotted C-40 Crusher 18197 | -6/Waste | Spotted C-40 Crusher 18214 | -6/Waste | Destroyed C-40 Crusher 18229 | -6/Waste | Crushed by Compactor (1 part destroyed, 1 dropped) 18232 | -6/Waste | Spotted C-40 Crusher 18235 | -6/Waste | Spotted C-40 Crusher 18287 | -6/Waste | Found Unknown Device 18287 | -6/Waste | Identified Heavy Servo Lattice 18338 | -6/Waste | Spotted C-40 Crusher 18379 | -6/Waste | Spotted C-40 Crusher 18527 | -6/Waste | Build established: Botlord-Mutant 18593 | -6/Waste | Discovered new exit (range 22) 18890 | -6/Waste | Destroyed C-40 Crusher 19028 | -6/Waste | Destroyed C-40 Crusher 19091 | -6/Waste | Build established: Botlord-Skirmisher 19101 | -6/Waste | Destroyed C-40 Crusher 19170 | -6/Waste | Destroyed C-40 Crusher 19190 | -6/Waste | Destroyed C-40 Crusher 19336 | -6/Waste | Entered Factory 19508 | -6/Factory | Identified exit to Garrison 19508 | -6/Factory | Entered Garrison 19618 | -6/Garrison | Triggered checkpoint 19767 | -6/Garrison | Expanded RIF knowledge: Zone Cloak 19813 | -6/Garrison | Garrison Relay disabled 20041 | -6/Garrison | Triggered checkpoint 20077 | -6/Garrison | Triggered checkpoint 20084 | -6/Garrison | Triggered checkpoint 20201 | -6/Garrison | System corruption reached 10% 20523 | -6/Garrison | Discovered new exit (range 15) 20677 | -6/Garrison | Spotted Striker 20677 | -6/Garrison | Spotted Striker 20681 | -6/Garrison | Destroyed Striker 20688 | -6/Garrison | Destroyed Striker 20783 | -6/Garrison | Triggered checkpoint 20846 | -6/Garrison | Garrison Relay disabled 20987 | -6/Garrison | Build established: Botlord-Tank 21080 | -6/Garrison | Discovered new exit (range 10) 21215 | -6/Garrison | Triggered checkpoint 21388 | -6/Garrison | Rescued a captive Derelict 21697 | -6/Garrison | Build established: Botlord-Mutant 21878 | -6/Garrison | Triggered checkpoint 21898 | -6/Garrison | Learned Factory security intel 21962 | -6/Garrison | Garrison Relay disabled 22063 | -6/Garrison | Discovered new exit (range 14) 22121 | -6/Garrison | Found embedded Infiltrators 22849 | -6/Garrison | Entered Factory 22849 | -6/Factory | Accompanied by 2 allies 23199 | -6/Factory | First assault squad dispatched 23516 | -6/Factory | Fabricated M-13 Machinist (x1) 23683 | -6/Factory | Central database locked down 23693 | -6/Factory | Build established: Botlord-Tank 24385 | -6/Factory | Identified exit to Garrison 24385 | -6/Factory | Entered Garrison 24385 | -6/Garrison | Accompanied by 1 ally 24399 | -6/Garrison | Spotted B-86 Titan 24433 | -6/Garrison | Rewired B-75 Beast 24447 | -6/Garrison | Destroyed B-86 Titan 24901 | -6/Garrison | Triggered checkpoint 24954 | -6/Garrison | Garrison Relay disabled 25707 | -6/Garrison | Triggered checkpoint 25733 | -6/Garrison | Garrison Relay disabled 25781 | -6/Garrison | Spotted B-75 Beast 25789 | -6/Garrison | Assimilated B-75 Beast with FLK Orb 25817 | -6/Garrison | Discovered new exit (range 12) 25818 | -6/Garrison | Lost 3 parts (1u2w) 25931 | -6/Garrison | Found Relay Coupler [Proto] 25934 | -6/Garrison | Found Relay Coupler [Proto] 25940 | -6/Garrison | Found Relay Coupler [Proto] 25944 | -6/Garrison | Found Relay Coupler [Proto] 26189 | -6/Garrison | Triggered checkpoint 26234 | -6/Garrison | Triggered checkpoint 26277 | -6/Garrison | Triggered checkpoint 26366 | -6/Garrison | Discovered new exit (range 13) 26425 | -6/Garrison | Phase Generator disabled 26698 | -6/Garrison | Garrison Relay disabled 27137 | -6/Garrison | Core integrity fell below 50% 27213 | -6/Garrison | Triggered checkpoint 27264 | -6/Garrison | Garrison Relay disabled 27347 | -6/Garrison | Discovered new exit (range 14) 27857 | -6/Garrison | Spotted B-75 Beast 27869 | -6/Garrison | Destroyed B-75 Beast 28286 | -6/Garrison | Expanded RIF knowledge: Signal Jamming 28408 | -6/Garrison | Entered Factory 28408 | -5/Factory | Accompanied by 1 ally 28408 | -5/Factory | Evolved 2 slots: Power x1, Utility x1 28708 | -5/Factory | First assault squad dispatched 28854 | -5/Factory | System corruption reached 10% 28889 | -5/Factory | Lost 5 parts (1p4u) 29146 | -5/Factory | Build established: Botlord-Mutant 29681 | -5/Factory | Repaired Arm. Heavy Treads 29721 | -5/Factory | Build established: Botlord-Skirmisher 29748 | -5/Factory | Identified exit to Upper Caves 29835 | -5/Factory | System corruption reached 30% 29865 | -5/Factory | Lost 4 parts (1p3u) 30013 | -5/Factory | Entered Upper Caves 30289 | -5/Upper Caves | Spotted B-75 Beast 30295 | -5/Upper Caves | Build established: Botlord-Tank 30346 | -5/Upper Caves | Destroyed B-75 Beast 30744 | -5/Upper Caves | Encountered a Warlord checkpoint 31214 | -5/Upper Caves | Discovered new exit (range 3) 31225 | -5/Upper Caves | Entered another Upper Caves area 31278 | -5/Upper Caves | Discovered new exit (range 13) 31329 | -5/Upper Caves | Entered Factory 31329 | -4/Factory | Evolved 2 slots: Propulsion x1, Utility x1 31625 | -4/Factory | Build established: Botlord-Skirmisher 31763 | -4/Factory | Identified exit to Garrison 31763 | -4/Factory | Entered Garrison 31835 | -4/Garrison | Spotted B-86 Titan 31849 | -4/Garrison | Destroyed B-86 Titan 32243 | -4/Garrison | Triggered checkpoint 32286 | -4/Garrison | Garrison Relay disabled 32459 | -4/Garrison | Triggered checkpoint 32690 | -4/Garrison | Triggered checkpoint 32791 | -4/Garrison | Triggered checkpoint 32856 | -4/Garrison | Build established: Botlord-Tank 32913 | -4/Garrison | Garrison Relay disabled 33193 | -4/Garrison | Triggered checkpoint 33334 | -4/Garrison | Spotted B-86 Titan 33356 | -4/Garrison | Destroyed B-86 Titan 33695 | -4/Garrison | Triggered checkpoint 33697 | -4/Garrison | Assimilated Heavy ARC 7a with formatsys_deep 33711 | -4/Garrison | Discovered new exit (range 11) 33753 | -4/Garrison | Triggered checkpoint 33778 | -4/Garrison | Garrison Relay disabled 33842 | -4/Garrison | Rescued a captive Derelict 33843 | -4/Garrison | Rescued a captive Derelict 34289 | -4/Garrison | Triggered checkpoint 34363 | -4/Garrison | Found Unknown Protection 34363 | -4/Garrison | Identified Adv. Powered Armor 34368 | -4/Garrison | Found Adv. Powered Armor 34372 | -4/Garrison | Found Adv. Powered Armor 34431 | -4/Garrison | Discovered new exit (range 10) 34491 | -4/Garrison | Triggered checkpoint 34625 | -4/Garrison | Expanded RIF knowledge: Structural Interface 34688 | -4/Garrison | Spotted B-86 Titan 34756 | -4/Garrison | Lost 5 allies 35142 | -4/Garrison | Garrison Relay disabled 35649 | -4/Garrison | Spotted B-86 Titan 35710 | -4/Garrison | Garrison Relay disabled 35727 | -4/Garrison | Triggered checkpoint 35771 | -4/Garrison | Discovered new exit (range 2) 36329 | -4/Garrison | Entered Factory 36362 | -4/Factory | Identified exit to Garrison 36362 | -4/Factory | Entered Garrison 36419 | -4/Garrison | Expanded RIF knowledge: Crosswire 36446 | -4/Garrison | Triggered checkpoint 36630 | -4/Garrison | Garrison Relay disabled 36710 | -4/Garrison | Rescued a captive Derelict 36770 | -4/Garrison | Garrison Relay disabled 36840 | -4/Garrison | Phase Generator disabled 37018 | -4/Garrison | Triggered checkpoint 37037 | -4/Garrison | Discovered new exit (range 5) 37232 | -4/Garrison | Triggered checkpoint 37302 | -4/Garrison | Triggered checkpoint 37314 | -4/Garrison | Triggered checkpoint 37331 | -4/Garrison | Triggered checkpoint 37563 | -4/Garrison | Discovered new exit (range 11) 37666 | -4/Garrison | Garrison Relay disabled 37705 | -4/Garrison | Triggered checkpoint 37707 | -4/Garrison | Assimilated Heavy ARC 7b with formatsys_deep 38043 | -4/Garrison | Discovered new exit (range 51) 38043 | -4/Garrison | Discovered new exit (range 20) 38043 | -4/Garrison | Discovered new exit (range 47) 38043 | -4/Garrison | Discovered new exit (range 50) 38244 | -4/Garrison | Triggered checkpoint 38265 | -4/Garrison | Garrison Relay disabled 38308 | -4/Garrison | Expanded RIF knowledge: Autooverride 38373 | -4/Garrison | Triggered checkpoint 38571 | -4/Garrison | Entered Research 38571 | -3/Research | Accompanied by 1 ally 38571 | -3/Research | Evolved 2 slots: Propulsion x1, Utility x1 38723 | -3/Research | Unchained authorized (V4-D3R) 38763 | -3/Research | Exiles provided nearest exit location to -2/Research 38821 | -3/Research | First assault squad dispatched 39127 | -3/Research | Destroyed V4-D3R 39155 | -3/Research | System corruption reached 10% 39155 | -3/Research | Released all parts (5) 39185 | -3/Research | Lost 16 parts (2p4n7u3w) 39293 | -3/Research | Found Unknown Launcher 39293 | -3/Research | Identified Fusion Bomb Launcher 39330 | -3/Research | Core integrity fell below 50% 39362 | -3/Research | Core integrity fell below 20% 39409 | -3/Research | Build established: Mutant 39420 | -3/Research | Assimilated G-67 Veteran with FLK Orb 39423 | -3/Research | Assimilated TK-2365 with FLK Orb 39429 | -3/Research | Spotted B-86 Titan 39430 | -3/Research | Assimilated B-86 Titan with FLK Orb 39435 | -3/Research | Assimilated TK-6616 with FLK Orb 39438 | -3/Research | Destroyed by TK-6621 with Heavy Laser Last Messages --------------- 8N. 39383_ Slammed into A-15 Conveyor. 39388_ Slammed into O-24 Administrator. 39402_ System corrupted: Matter fused (-7). 39402_ Slammed into R-10 Processor. 39409_ TK-6606: "Don't move!" 39413_ RIF reveals location of hidden door. 39413_ Critical hit (Burn: +37). 39416_ Acquired 72 matter. 39417_ Acquired 24 matter. 39420_ G-67 Veteran assimilated. 39423_ TK-2365 assimilated. 39425_ TK-2365 suffers critical hit (Burn). 39429_ TK-2365 critical meltdown. 39430_ B-86 Titan assimilated. 39435_ Field Lobotomy Kit expended. 39435_ TK-6616 assimilated. 39437_ System corrupted: Matter fused (-9). 39437_ TK-6616 destroyed. [Achievement: Torch] Map ----- +----------------------------------------------------+ | | | | | | | | | | | | | | | | | | | | | ?????###?????????????????????????????????????????? | | ????? ???????????????#######???????????????????? | | ???? ??????????????? #????????????????? | | """ "??????????????# ???????????????? | | """ ???????????????+ ????????????????? | | """ ???????????????? #????????????????? | | ? ???????????????? ##???????????????? | | ?? ????????????????? BB ????????????????? | | ??? ????????????????? BB #????????????????? | | ?###+###+#?????????????? #????????????????? | | ?# #######???????? ]!^ #????????????????? | | ?# ## # ??i?????? ! #????????????????? | | ## # #b####??????# #????????????????? | | # # # ##?????# =#????????????????? | | ## ##+####/### ##????# #????????????????? | | # ! # #????#@ [[[ ######+##????????? | | # # ######### [[[ ???????? | | # % # ! # [[ g ???????? | | # % + # ???????? | | # #% # # ######?????????? | | # /% g # # #??????????????? | | # # # #[ ### ##??????????????? | | # %# # #%g #?? #???????????????? | | ## % #########"# % g% #??? #???????????????? | | ##???### # %%#???? #???????????????? | | ##?????#"" % ###g#?????#???????????????? | | #??????#"" # = ?????????????????????? | | % #??????#""% +? ?????????????????????? | | ###/###########?# #? ?????w???????????????? | | # #?# #? ?????????????????????? | | % % =[# ######/##? ! ?????????????????????? | | % % %# ##????# #?? ?????????????????????? | | ###?????# #?? ?????????????????????? | | #???????# #??###?????????????????????? | | #???????# ???????????????????????????? | | #???????? ???????????????????????????? | | #???????? ???????????????????????????? | | #???????? ???????????????????????????? | | #????????????????????????????????????? | | #????????????????????????????????????? | +----------------------------------------------------+ Best States ------------- Heat Dissipation 103 Coolant Potential 80 Energy Generation 45 Energy Capacity 940 Matter Stores 300 Matter Capacity 300 Sight Range 22 Terrain Scan Range 16 Terrain Scan Density 10 Armor Coverage 1600 Propulsion Shielding 66 Point Defense Rating 160 Weapon Cycling 25 Phase Shifting 15 Evasion (%) 55 Targeting Accuracy 5 Recoil Reduction 6 Salvage Targeting 2 Defensive Hacking 10 Relay Coupler Types 6 Relay Coupler Value 88 Authchip Count 1 Item Schematics ----------------- Adv. Beam Rifle | -8/Materials | Scanalyzed Arm. Treads | -8/Materials | Scanalyzed Hvy. Phase Cannon | -7/Factory | Hacked Impulse Thruster Array | -3/Research | Hacked Robot Schematics ------------------ M-13 Machinist | -10/Materials | Hacked Fabricated ------------ M-13 Machinist | x1 | -6/Factory Repaired ---------- Lgt. Treads | 52% | -8/Materials Arm. Heavy Treads | 47% | -5/Factory Studied --------- Lgt. Treads | -8/Materials | Hacked Arm. Treads | -8/Materials | Hacked Adv. Treads | -8/Materials | Hacked Remote Datajack | -7/Factory | Hacked Hvy. Treads | -6/Factory | Hacked Alien Tech Used ----------------- None Achievements -------------- Giant Slayer My Bad Torch Challenges ------------ None Game ------ Seed ModifiedVampiricRailcannon Manual? 0 Play Time 06:29:29 Cumulative 86.1 hours Start 2026.04.22 @ 09:38:41 End 2026.04.24 @ 21:21:37 Sessions 7 Manual Loads 0 Difficulty Rogue Special Mode None Game No. 51 Rogue 51 Adventurer 0 Explorer 0 Win Type - Total 1 Types 1/0/0/0/0/0/0/0/0/0 Lore% 33 Gallery% 47 Achievement% 43 Wizard Run 0 Options --------- Layout 1 ASCII 0 Keyboard 0 Movement Mouse Keybinds 0 Fullscreen 1 Font 24/Smallcaps Map View 50x35 Zoom Use 0% Tactical HUD 1 Map Filters NONE Filters NONE Steam 1 RUN: 1ef2bb48-a053-4c4c-8007-77a6970e5fa1